 Dungeon Crawl Stone Soup version 0.31-a0-319-g4fced400ed (webtiles) character file.

Game seed: 9210751170402605591

21289 mopl the Martial Artist (level 12, -21/83 HPs)
             Began as an Octopode Shapeshifter on July 18, 2023.
             Was a Priest of Uskayaw.
             Demolished by a death yak (25 damage)
             ... on level 1 of the Lair of Beasts.
             The game lasted 00:22:40 (10916 turns).

mopl the Martial Artist (Octopode Shapeshifter)    Turns: 10916, Time: 00:22:41

Health: -21/83     AC:  1    Str: 15    XL:     12   Next: 88%
Magic:  10/15      EV: 22    Int: 11    God:    Uskayaw [***...]
Gold:   139        SH:  0    Dex: 16    Spells: 9/11 levels left

rFire   + .          .
                       - Unarmed
rCold   + . .        (no shield)
rNeg    + . .        (helmet currently unavailable)
rPois   +            e - amulet of regeneration
rElec   .            g - +5 ring of evasion
rCorr   +            F - ring of positive energy
SInv    .            j - ring of protection from fire
Will    .....        L - ring of resist corrosion
Stlth   +++          U - ring of poison resistance
HPRegen 1.13/turn    W - ring of protection from cold
MPRegen 0.14/turn    (no ring)
                     (no ring)

%: no passive effects
@: beast-form
A: beast (slay +6), almost no armour, amphibious, 8 rings, camouflage 1,
gelatinous body 1, nimble swimmer 1, tentacles
a: Begin Untransformation, Renounce Religion, Stomp, Line Pass


You were on level 1 of the Lair of Beasts.
You worshipped Uskayaw.
Uskayaw was noncommittal.
You were a hulking beast.
You visited 3 branches of the dungeon, and saw 14 of its levels.

You collected 913 gold pieces.
You spent 774 gold pieces at shops.

Inventory:

Missiles
 a - 7 boomerangs
 p - 50 poisoned darts (quivered)
 D - 3 boomerangs of dispersal
 G - 3 curare-tipped darts
Jewellery
 e - an amulet of regeneration (around mantle)
 g - a +5 ring of evasion (left tentacle)
 j - a ring of protection from fire (on tentacle)
 F - a ring of positive energy (right tentacle)
 L - a ring of resist corrosion (on tentacle)
 U - a ring of poison resistance (on tentacle)
 W - a ring of protection from cold (on tentacle)
Talismans
 b - a beast talisman
Wands
 z - a wand of acid (9)
 K - a wand of digging (5)
 M - a wand of paralysis (14)
 N - a wand of mindburst (12)
 S - a wand of flame (11)
 V - a wand of iceblast (4)
Scrolls
 d - 4 scrolls of blinking {unknown}
 f - 3 scrolls of immolation
 h - 5 scrolls of poison
 m - 7 scrolls of teleportation
 o - 2 scrolls of enchant armour {unknown}
 t - a scroll of butterflies {unknown}
 u - 2 scrolls of silence {!r}
 x - 4 scrolls of vulnerability
 y - 2 scrolls of brand weapon {unknown}
 C - 3 scrolls of enchant weapon {unknown}
 I - a scroll of acquirement {unknown}
 O - 3 scrolls of fear {unknown}
 P - a scroll of torment {unknown}
 R - a scroll of revelation
Potions
 i - 2 potions of invisibility
 k - a potion of magic
 l - 2 potions of haste
 n - 8 potions of curing
 r - a potion of enlightenment
 s - a potion of cancellation
 v - 2 potions of might
 w - 2 potions of brilliance
 A - a potion of resistance
 B - 2 potions of ambrosia {unknown}
 H - a potion of berserk rage {!q}
 J - 2 potions of heal wounds
 T - a potion of lignification {!q}
Miscellaneous
 c - a tin of tremorstones (2/2)
 Q - a sack of spiders


   Skills:
 + Level 8.2 Fighting
 + Level 4.2 Throwing
 + Level 8.1 Dodging
 * Level 11.3 Unarmed Combat
 - Level 5.0 Transmutations
 + Level 4.0 Invocations
 + Level 4.7 Evocations
 * Level 9.9 Shapeshifting


You had 9 spell levels left.
You knew the following spells:

 Your Spells              Type           Power      Damage    Failure   Level
w - Wereblood             Tmut           11%        N/A       7%          2

Your spell library contained the following spells:

 Spells                   Type           Power      Damage    Failure   Level
 Necrotise                Necr           0%         1d4       34%         1
 Ensorcelled Hibernation  Hex/Ice        0%         N/A       47%         2
 Call Canine Familiar     Summ           0%         N/A       71%         3
 Dazzling Flash           Conj/Hex       0%         N/A       71%         3
 Hailstorm                Conj/Ice       0%         3d3       71%         3
 Mephitic Cloud           Conj/Pois/Air  0%         N/A       71%         3
 Portal Projectile        Hex/Tloc       0%         N/A       71%         3
 Stone Arrow              Conj/Erth      0%         3d7       71%         3
 Vampiric Draining        Necr           0%         2d6       71%         3
 Volatile Blastmotes      Fire/Tloc      0%         2d10      71%         3
 Anguish                  Hex/Necr       0%         N/A       98%         4
 Cause Fear               Hex            0%         N/A       98%         4
 Leda's Liquefaction      Hex/Erth       0%         N/A       98%         4
 Summon Ice Beast         Ice/Summ       0%         N/A       98%         4
 Alistair's Intoxication  Tmut/Pois      3%         N/A       98%         5
 Irradiate                Conj/Tmut      2%         3d12      98%         5
 Agony                    Necr           0%         N/A       100%        5
 Borgnjor's Vile Clutch   Necr/Erth      0%         N/A       100%        5
 Lee's Rapid Deconstruct  Erth           0%         3d4*      100%        5
 Eringya's Noxious Bog    Tmut/Pois      2%         4d6       100%        6
 Simulacrum               Ice/Necr       0%         N/A       100%        6
 Starburst                Conj/Fire      0%         6d3       100%        6
 Enfeeble                 Hex            0%         N/A       100%        7
 Maxwell's Capacitive Co  Air            0%         ∞         100%        8
 Animate Armour           Summ/Erth      Unusable   N/A       N/A         4

Dungeon Overview and Level Annotations

Branches:
Dungeon (12/15)            Temple (1/1) D:6            Lair (1/5) D:11
    Orc (0/2) D:11

Altars:
Ashenzari
Cheibriados
Dithmenos
Elyvilon
Fedhas
Gozag
Hepliaklqana
Kikubaaqudgha
Makhleb
Nemelex Xobeh
Okawaru
Qazlal
Ru
Sif Muna
Trog
Uskayaw
Vehumet
Wu Jian
Xom
Yredelemnul
Zin
The Shining One
Lugonu

Shops:
D:1 *   D:4 [   D:7 !   D:8 ?   D:9 [   D:11 =(   D:12 =*

Annotations:
D:8 2 transporters
D:10 2 transporters, Reshi88's ghost, novice SpHu


Innate Abilities, Weirdness & Mutations

You are a hulking beast.
Your limbs bulge with bestial killing power. (Slay +6)
You cannot wear most types of armour.
You are amphibious.
You can wear up to eight rings at the same time.
Your skin changes colour to match your surroundings (Stealth+).
Your rubbery body absorbs attacks. (AC +1, EV +1)
You are camouflaged when in or above water. (Stealth+)
You have tentacles for arms and can constrict up to eight enemies at once.


Message History

The death yak is heavily wounded.
You can now pass through a line of other dancers.
You tentacle-slap the death yak.
The death yak is heavily wounded.
The death yak gores you!!
A death yak comes into view.
The death yak bellows!
You bludgeon the death yak! You squeeze the death yak.
The death yak is severely wounded.
The death yak misses you.
You tentacle-slap the death yak.
The death yak is severely wounded.
The death yak gores you!
Uskayaw will force your foes to helplessly watch your dance.
Uskayaw prepares the audience for your solo!
The helpless death yak fails to defend itself.
You tentacle-slap the death yak.
The death yak is severely wounded.
The helpless death yak fails to defend itself.
You bludgeon the death yak!
The death yak is almost dead.
The death yak is no longer paralysed. x5
A basilisk comes into view.
The basilisk hisses angrily.
You tentacle-slap the death yak.
You kill the death yak!
Your Invocations skill increases to level 4!
You bludgeon the death yak!
The death yak is moderately wounded.
The death yak gores you!!
* * * LOW HITPOINT WARNING * * *
Uskayaw will force your foes to share their pain.
Uskayaw links your audience in an emotional bond!
Aiming: Line Pass
Press: ? - help, Dir - move target, p - death yak The death yak appears confused. x3
Floosh!
You fall into the shallow water.
The death yak looks more healthy.
The death yak gores you!!
You die...

....~.~~~~.......## #..
.~~.~.~..~...##...## #..
(~~.~.~..~~..####..###..
....~.~~~~.....###..##..
~~~~~.....~~..####......
.....~~~~~....##........
~~~~.~....~~...#......##
~..~.~.~~.....##...^.###
~..~.l.h~.~...#.....##
~~~~.~..Y.♣#.......##
..~.~.~.~Y##......##
..♣.~.~♣.YY......## ##
...$..♣##.##....## #.
.#.... ####...## ##.
..#.## #..## ##.. ..##
##..## #... ##....# #...


You could see 4 death yaks and a basilisk (pain bonded).

Vanquished Creatures
  2 boulder beetles (D:12)
  A centaur warrior (D:12)
  A two-headed ogre (D:8)
  A death yak (Lair:1)
  Pikel (D:6)
  An ugly thing (D:7)
  2 cyclopes
  2 cane toads (Lair:1)
  4 gargoyles
  A kobold demonologist (D:10)
  Maggie (D:7)
  An unseen horror (D:12)
  A komodo dragon (D:12)
  A troll (D:7)
  Prince Ribbit (D:6)
  3 blink frogs (Lair:1)
  Grinder (D:5)
  9 slime creatures
  4 shadows
  23 yaks
  2 wraiths (D:12)
  2 wyverns
  A vampire mosquito (D:7)
  3 steam dragons
  Menkaure (D:6)
  3 water moccasins
  Edmund (D:5)
  5 orc warriors
  6 ice beasts
  3 black bears
  5 sky beasts
  A phantom (D:6)
  3 lemures (D:6)
  7 centaurs
  5 kobold brigands
  7 bullfrogs
  Blork the orc (D:4)
  A gnoll sergeant (D:6)
  3 scorpions
  3 wights (D:6)
  5 killer bees
  An electric eel (D:7)
  7 howler monkeys
  7 crimson imps (D:12)
  5 jellies
  2 hounds
  3 gnoll boudas
  6 orc priests
  3 sleepcaps
  11 orc wizards
  2 iguanas
  22 gnolls
  5 adders
  4 shadow imps
  6 white imps
  3 worms (D:3)
  3 dart slugs
  42 orcs
  7 ball pythons
  11 endoplasms
  A giant cockroach (D:4)
  8 goblins
  6 hobgoblins
  3 quokkas
  2 bats (D:2)
  5 frilled lizards
  24 kobolds
  6 rats
334 creatures vanquished.

Vanquished Creatures (others)
  An unseen horror (D:9)
1 creature vanquished.

Grand Total: 335 creatures vanquished

Notes
Turn   | Place    | Note
-------+----------+-------------------------------------------
     0 | D:1      | mopl the Octopode Shapeshifter began the quest for the Orb.
     0 | D:1      | Reached XP level 1. HP: 14/14 MP: 1/1
    50 | D:1      | Reached XP level 2. HP: 19/19 MP: 2/2
   196 | D:1      | Reached XP level 3. HP: 24/24 MP: 3/3
   243 | D:1      | Found Meufuhatu's General Store.
   253 | D:1      | Bought a scroll of identify for 22 gold pieces
   661 | D:2      | Reached XP level 4. HP: 27/30 MP: 4/4
  1200 | D:3      | Reached skill level 3 in Unarmed Combat
  1238 | D:3      | Learned a level 2 spell: Wereblood
  1512 | D:4      | Reached XP level 5. HP: 35/35 MP: 5/5
  1670 | D:4      | Noticed a black bear
  1678 | D:4      | Killed a black bear
  1679 | D:4      | Reached skill level 3 in Fighting
  1679 | D:4      | Reached skill level 3 in Dodging
  1679 | D:4      | Reached skill level 1 in Transmutations
  1679 | D:4      | Reached skill level 4 in Shapeshifting
  1679 | D:4      | Reached XP level 6. HP: 6/42 MP: 6/6
  1754 | D:4      | Noticed an ice beast
  1770 | D:4      | Killed an ice beast
  1771 | D:4      | Reached skill level 4 in Unarmed Combat
  1799 | D:4      | Found Vuufam's Armour Boutique.
  1876 | D:4      | Reached XP level 7. HP: 27/46 MP: 7/7
  1944 | D:4      | Noticed Blork the orc
  1951 | D:4      | Killed Blork the orc
  2038 | D:1      | Bought a scroll of noise for 11 gold pieces
  2038 | D:1      | Bought a scroll of teleportation for 33 gold pieces
  2038 | D:1      | Bought a scroll of immolation for 44 gold pieces
  2038 | D:1      | Bought a potion of curing for 33 gold pieces
  2285 | D:4      | Reached skill level 2 in Transmutations
  2929 | D:5      | Entered Level 5 of the Dungeon
  3003 | D:5      | Noticed Edmund
  3018 | D:5      | Killed Edmund
  3019 | D:5      | Reached skill level 5 in Shapeshifting
  3032 | D:5      | Reached XP level 8. HP: 53/54 MP: 8/8
  3059 | D:5      | Reached skill level 5 in Unarmed Combat
  3077 | D:5      | Reached skill level 4 in Fighting
  3077 | D:5      | Reached skill level 4 in Dodging
  3362 | D:5      | Reached skill level 3 in Transmutations
  3648 | D:5      | Noticed Grinder
  3662 | D:5      | Killed Grinder
  3663 | D:5      | Reached skill level 6 in Unarmed Combat
  3804 | D:6      | Reached XP level 9. HP: 57/59 MP: 9/9
  3821 | D:6      | Reached skill level 6 in Shapeshifting
  4016 | D:6      | Reached skill level 5 in Fighting
  4016 | D:6      | Reached skill level 5 in Dodging
  4058 | D:6      | Found a staircase to the Ecumenical Temple.
  4073 | D:6      | Reached skill level 7 in Unarmed Combat
  4084 | Temple   | Entered the Ecumenical Temple
  4191 | D:6      | HP: 1/61 [kobold/+0 dagger (4)]
  4349 | D:6      | Reached skill level 4 in Transmutations
  4580 | D:7      | Noticed Menkaure
  4650 | D:6      | Killed Menkaure
  4804 | D:7      | Noticed Pikel
  4816 | D:6      | Killed Pikel
  4817 | D:6      | Reached skill level 8 in Unarmed Combat
  4817 | D:6      | Reached skill level 7 in Shapeshifting
  4817 | D:6      | Reached XP level 10. HP: 68/68 MP: 10/10
  5011 | D:7      | Found Ceedog's Distillery.
  5026 | D:7      | Reached skill level 6 in Dodging
  5029 | D:7      | Bought a potion of heal wounds for 75 gold pieces
  5029 | D:7      | Bought a potion of berserk rage for 75 gold pieces
  5077 | D:7      | Reached skill level 6 in Fighting
  5197 | D:7      | Noticed Maggie
  5212 | D:7      | Killed Maggie
  5221 | D:7      | Noticed a red ugly thing
  5359 | D:7      | Noticed Prince Ribbit
  5400 | D:6      | Killed Prince Ribbit
  5401 | D:6      | Reached skill level 9 in Unarmed Combat
  5424 | D:6      | Reached skill level 8 in Shapeshifting
  5480 | D:7      | Killed a red ugly thing
  5605 | D:7      | Got the Vellum of the Lithosphere and Venin
  5868 | D:8      | Identified the +8 plate armour "Vownum" {Int+6}
  5884 | D:8      | Found a shimmering blue altar of Sif Muna.
  6068 | D:8      | Noticed a two-headed ogre
  6075 | D:8      | Killed a two-headed ogre
  6076 | D:8      | Reached XP level 11. HP: 32/74 MP: 11/11
  6221 | D:8      | Reached skill level 1 in Evocations
  6239 | D:8      | Found a corrupted altar of Lugonu.
  6240 | D:8      | Noticed a white ugly thing
  6267 | D:8      | Found Epos's Magic Scroll Emporium.
  6270 | D:8      | Bought a scroll of poison for 56 gold pieces
  6283 | D:8      | Noticed a green ugly thing
  6332 | D:8      | Found a transporter.
  6334 | D:8      | Found a transporter.
  6529 | D:9      | Got the Elucidation of Pragmatism
  6543 | D:9      | Reached skill level 1 in Throwing
  6692 | D:9      | Reached skill level 7 in Dodging
  6730 | D:9      | Reached skill level 7 in Fighting
  6843 | D:9      | Reached skill level 2 in Evocations
  6884 | D:9      | Found a snail-covered altar of Cheibriados.
  6911 | D:9      | Found a hide-covered altar of Uskayaw.
  6913 | D:9      | Found a shadowy altar of Dithmenos.
  7005 | D:9      | Became a worshipper of Uskayaw the Reveller
  7085 | D:9      | Noticed a cyclops
  7089 | D:9      | Reached * piety under Uskayaw
  7091 | D:9      | Reached ** piety under Uskayaw
  7092 | D:9      | Killed a cyclops
  7093 | D:9      | Reached skill level 2 in Throwing
  7093 | D:9      | Reached skill level 10 in Unarmed Combat
  7094 | D:9      | Reached *** piety under Uskayaw
  7269 | D:9      | Found Cheibriados's Comfort Zone.
  7465 | D:8      | Noticed a red ugly thing
  7485 | D:8      | Bought a scroll of vulnerability for 56 gold pieces
  7485 | D:8      | Bought a scroll of amnesia for 56 gold pieces
  7485 | D:8      | Bought a scroll of revelation for 105 gold pieces
  7534 | D:10     | Entered Level 10 of the Dungeon
  7547 | D:10     | Reached **** piety under Uskayaw
  7675 | D:10     | Reached skill level 1 in Invocations
  7687 | D:10     | Reached ***** piety under Uskayaw
  7850 | D:10     | Found a transporter.
  7851 | D:10     | Noticed Reshi88's ghost (novice SpHu)
  7852 | D:10     | Noticed a tengu warrior
  7853 | D:10     | Found a bloodstained altar of Trog.
  7872 | D:10     | Found a transporter.
  7877 | D:10     | Noticed a moth of wrath
  7969 | D:10     | Found a sacrificial altar of Ru.
  8209 | D:11     | Reached skill level 9 in Shapeshifting
  8294 | D:11     | Found Runuchag's Jewellery Boutique.
  8312 | D:11     | Found a staircase to the Orcish Mines.
  8397 | D:11     | Found a staircase to the Lair.
  8407 | D:11     | Reached skill level 3 in Evocations
  8419 | D:11     | Reached skill level 5 in Transmutations
  8488 | D:11     | Found Waetwetu's Weapon Shop.
  8848 | D:11     | Reached skill level 2 in Invocations
  8905 | D:11     | Reached XP level 12. HP: 50/81 MP: 13/13
  8950 | D:11     | Reached skill level 3 in Throwing
  8991 | D:12     | Noticed a centaur warrior
  9075 | D:12     | Killed a centaur warrior
  9360 | D:12     | Reached skill level 3 in Invocations
  9408 | D:12     | Reached skill level 4 in Evocations
  9459 | D:12     | Noticed a boulder beetle
  9537 | D:12     | Found Castrosepp's Fire Supplies.
  9598 | D:12     | Noticed a boulder beetle
  9609 | D:12     | Killed a boulder beetle
  9610 | D:12     | Reached skill level 11 in Unarmed Combat
  9776 | D:12     | Found Foxze's Jewellery Shoppe.
  9841 | D:12     | Killed a boulder beetle
  9842 | D:12     | Reached skill level 8 in Fighting
 10218 | D:8      | Bought a scroll of silence for 133 gold pieces
 10266 | D:7      | Bought a potion of heal wounds for 75 gold pieces
 10364 | Lair:1   | Entered Level 1 of the Lair of Beasts
 10433 | Lair:1   | Reached skill level 8 in Dodging
 10444 | Lair:1   | Reached skill level 4 in Throwing
 10893 | Lair:1   | Noticed a death yak
 10895 | Lair:1   | Noticed a death yak
 10896 | Lair:1   | Noticed a death yak
 10899 | Lair:1   | Noticed a death yak
 10909 | Lair:1   | Noticed a death yak
 10914 | Lair:1   | Killed a death yak
 10915 | Lair:1   | Reached skill level 4 in Invocations
 10915 | Lair:1   | HP: 3/83 [death yak (28)]
 10916 | Lair:1   | Demolished by a death yak

Illustrated notes

Levels and vault maps discovered:
D:1:      wheals_arrival_shading, layout_basic, serial_shops,
          nicolae_shop_tiny_glass, minmay_cut_off
D:2:      layout_loops_ring
D:3:      layout_rooms
D:4:      layout_basic, serial_shops, shop, kennysheep_pointless_box,
          uniq_blork_the_orc
D:5:      layout_basic, minmay_quadrilaterals, uniq_edmund, uniq_grinder
D:6:      layout_basic, minmay_temple_entry_waves, kennysheep_generic_room_10
D:7:      nzn_winding_woodlands_three_and_one
          [nzn_winding_woodlands_5x15_lazy_stream,
          nzn_winding_woodlands_5x15_parted,
          nzn_winding_woodlands_5x15_split_checker,
          nzn_winding_woodlands_center_triple_pond], layout_rooms, serial_shops,
          shop, uniq_maggie, uniq_menkaure, uniq_pikel, uniq_prince_ribbit1
D:8:      gammafunk_corrupted_shrine, layout_basic,
          mainiacjoe_overflow_brackets, serial_shops, nicolae_shop_rolled_up
D:9:      nicolae_cairo_tiling, layout_long_grid, jmf_multi_god_temple,
          minmay_shop_chei
D:10:     layout_basic, kennysheep_mini_moat, gammafunk_ghost_wrathful_warriors
D:11:     layout_long_grid, grunt_lair_entry_orc_guard_hut, orc_0_dummy,
          serial_shops, shop, nicolae_shop_competitors_out_of_business
D:12:     layout_cave_pods, serial_shops, nicolae_shop_real_fake_doors,
          kennysheep_decorative_pillar, corexii_corridor_pit,
          nicolae_shop_fire_sale [nicolae_sub_dead_trees], minmay_nine_imps
Temple:   nicolae_temple_bog_church
Lair:1:   layout_cave_pods, chequers_serial_rivers_micro_b,
          nicolae_quartered_pool_medium

Skill      XL: |  1  2  3  4  5  6  7  8  9 10 11 12 |
---------------+-------------------------------------+-----
Unarmed Combat | 3 4 6 8 9 10 11 | 11.3
Fighting       | 3 4 5 6 7 8 |  8.2
Dodging        | 3 4 5 6 7 8 |  8.1
Transmutations | 1 2 3 4 5 |  5.0
Shapeshifting  | 4 5 7 8 9 |  9.9
Evocations     | 3 4 |  4.7
Throwing       | 2 4 |  4.2
Invocations    | 2 4 |  4.0

Action                     |  1- 3 |  4- 6 |  7- 9 | 10-12 || total
---------------------------+-------+-------+-------+-------++-------
  Melee: Unarmed           |    56 |    88 |   280 |   504 ||   928
         Tentacles         |    14 |    20 |    67 |   138 ||   239
         Constrict         |    14 |    19 |    62 |    70 ||   165
         Punch             |     2 |     3 |    17 |    45 ||    67
  Throw: Dart              |       |       |     7 |    17 ||    24
 Invoke: Line Pass         |       |       |       |     2 ||     2
  Evoke: Wand              |       |       |       |     9 ||     9
    Use: Scroll            |       |       |     7 |     6 ||    13
         Potion            |       |       |     3 |     2 ||     5
   Stab: Sleeping          |     6 |     8 |     4 |     4 ||    22
         Distracted        |       |       |     1 |       ||     1
         Paralysed         |       |       |       |    29 ||    29
 Armour: Skin              |     2 |     4 |    58 |    14 ||    78
  Dodge: Dodged            |    19 |    47 |   196 |   430 ||   692

Table legend: (Time is in decaauts)
 A = Elapsed time spent in this place.
 B = Non-inter-level travel time spent in this place.
 C = Inter-level travel time spent in this place.
 D = Time resting spent in this place.
 E = Time spent auto-exploring this place.
 F = Levels seen in this place.
 G = Mean time per level.
                   A        B        C        D        E       F      G
               +--------+--------+--------+--------+--------+-----+--------+
         Total |  10802 |   9845 |    957 |    930 |   6409 |  14 |  771.6 |
       Dungeon |  10228 |   9271 |    957 |    897 |   6043 |  12 |  852.3 |
        Temple |     34 |     34 |      0 |      0 |      0 |   1 |   34.0 |
          Lair |    539 |    539 |      0 |     33 |    366 |   1 |  539.0 |
               +--------+--------+--------+--------+--------+-----+--------+

Top non-repeatable levels by time:
     D:4: 1307 daAuts
     D:6: 1093 daAuts
    D:12: 1031 daAuts
    D:11: 990 daAuts
     D:7: 976 daAuts
     D:8: 945 daAuts
     D:9: 856 daAuts
     D:5: 786 daAuts
    D:10: 627 daAuts
     D:2: 623 daAuts
  Lair:1: 539 daAuts
     D:1: 496 daAuts
     D:3: 491 daAuts
  Temple: 34 daAuts
